 Dungeon Crawl Stone Soup version 0.23.2-40-g277498a001 (webtiles) character file.

Game seed: 11386754269834079072

151 Glodfish the Chopper (level 5, -2/39 HPs)
             Began as a Demonspawn Gladiator on Sept 12, 2019.
             Was a Plaything of Xom.
             Killed from afar by Sigmund (13 damage)
             ... with a puff of flame
             ... on level 3 of the Dungeon.
             The game lasted 00:21:29 (2799 turns).

Glodfish the Chopper (Demonspawn Gladiator)         Turns: 2799, Time: 00:21:30

Health: -2/39      AC:  7    Str: 20    XL:     5   Next: 11%
Magic:  0/5        EV:  8    Int:  9    God:    Xom [.....*]
Gold:   121        SH: 12    Dex: 15    Spells: 4/4 levels left

rFire    . . .     SeeInvis .   m - +1 war axe (pain)
rCold    . . .     Gourm    .   j - +0 large shield (curse)
rNeg     . . .     Faith    .   b - +0 leather armour
rPois    .         Spirit   +   (helmet restricted)
rElec    .         Reflect  .   n - +0 cloak
rCorr    .         Harm     .   (no gloves)
MR       .....                  (no boots)
Stlth    +.........             h - amulet of guardian spirit
HPRegen  0.13/turn              (no ring)
MPRegen  0.09/turn              (no ring)

@: mighty
A: claws 2, hooves 1, horns 1, slimy green scales 1, powered by death 1, shaggy
fur 1, subdued magic 1
a: Renounce Religion


You were on level 3 of the Dungeon.
You worshipped Xom.
You were Xom's teddy bear.
You were not hungry.

You visited 1 branch of the dungeon, and saw 3 of its levels.

You collected 121 gold pieces.

Inventory:

Hand Weapons
 a - a +0 war axe
 i - a +2 quarterstaff of chaos
 m - a +1 war axe of pain (weapon)
Missiles
 d - 3 throwing nets (quivered)
Armour
 b - a +0 leather armour (worn)
 c - a +0 helmet
 j - a cursed +0 large shield (worn)
 n - a +0 cloak (worn)
Jewellery
 h - an amulet of guardian spirit (around neck)
Scrolls
 k - 3 scrolls of identify
 l - a scroll of enchant armour {unknown}
 o - a scroll of fog {unknown}
 p - a scroll of amnesia {unknown}
Potions
 e - a potion of curing {unknown}
 g - a potion of might
 q - a potion of invisibility {unknown}
Comestibles
 f - 7 rations


   Skills:
 + Level 2.7 Fighting
 + Level 4.3 Axes
 + Level 1.8 Throwing
 + Level 0.7 Armour
 + Level 3.3 Dodging


You had 4 spell levels left.
You didn't know any spells.
Your spell library was empty.

Dungeon Overview and Level Annotations

Branches:
Dungeon (3/15)

Altars:
Elyvilon
Xom

Annotations:
D:3 Sigmund


Innate Abilities, Weirdness & Mutations

You have very sharp fingernails.
You are partially covered in slimy green scales. (AC +2)
You regenerate a little health from kills.
You have large cloven feet.
You have a pair of small horns on your head.
You are covered in fur. (AC +1)
Your spells are a little easier to cast, but a little less powerful.


Message History

You hear some strange, mumbled words.
A puff of flame appears from out of thin air!
You block the puff of flame.
You hear some strange, mumbled words.
A magic dart appears from out of thin air!
The magic dart hits you.
You hit something. Your kick misses something. Your headbutt misses something.
Something hits you.
You slash something! Something hits you but does no damage.
You slash something! Your kick misses something. Something hits you.
You miss something. Something hits you!
* * * LOW HITPOINT WARNING * * *
You barely miss something. You kick something. Your headbutt misses something.
Something hits you.
* * * LOW HITPOINT WARNING * * *
You feel very mighty all of a sudden.
You hear some strange, mumbled words.
A puff of flame appears from out of thin air!
The puff of flame hits you!
You die...

....... ##...... ....... #
#.#... #.####.#.. #......#.#
########
#....#.##########......#####
##>....S.@................
#..#.##########......#####
#.....# #......##### #.....#
#......#.... #.#...#
#######..### #..#+##
#......... ...# #.#.....#.
{#### #......... .
###########.#.⌠.⌠.#.


You could see an adder.

Vanquished Creatures
  Crazy Yiuf (D:2)
  6 adders (D:2)
  2 worms (D:2)
  A leopard gecko (D:3)
  An orc (D:3)
  9 bats
  3 giant cockroaches
  8 goblins
  13 hobgoblins
  A ball python (D:3)
  8 frilled lizards
  6 kobolds
  9 rats
68 creatures vanquished.

Notes
Turn   | Place    | Note
-------+----------+-------------------------------------------
     0 | D:1      | Glodfish the Demonspawn Gladiator began the quest for the
                  | Orb.
     0 | D:1      | Reached XP level 1. HP: 16/16 MP: 1/1
     6 | D:1      | Noticed a water moccasin
     6 | D:1      | Noticed a polar bear
     6 | D:1      | Noticed a swamp worm
     7 | D:1      | Noticed a wolf
     7 | D:1      | Noticed a killer bee
   418 | D:1      | Reached skill level 3 in Axes
   424 | D:1      | Gained mutation: You have sharp fingernails. [demonic
                  | ancestry]
   424 | D:1      | Reached XP level 2. HP: 21/22 MP: 2/2
   619 | D:1      | Gained mutation: You are partially covered in slimy green
                  | scales. (AC +2) [demonic ancestry]
   619 | D:1      | Reached XP level 3. HP: 17/27 MP: 3/3
  1187 | D:2      | Found a runed translucent door.
  1188 | D:2      | Noticed Crazy Yiuf
  1393 | D:2      | Found a shimmering altar of Xom.
  1409 | D:2      | Became a worshipper of Xom of Chaos
  1837 | D:2      | Gained mutation: You have very sharp fingernails. [demonic
                  | ancestry]
  1837 | D:2      | Reached XP level 4. HP: 27/34 MP: 4/4
  1859 | D:2      | XOM: potion effect (brilliance)
  1885 | D:2      | XOM: silly message
  1887 | D:2      | Reached skill level 4 in Axes
  2208 | D:2      | XOM: harmless Hex miscast
  2211 | D:2      | Killed Crazy Yiuf
  2211 | D:2      | Gained mutation: You regenerate a little health from kills.
                  | [demonic ancestry]
  2211 | D:2      | Reached XP level 5. HP: 25/39 MP: 0/5
  2225 | D:2      | XOM: smoke on damage
  2553 | D:3      | XOM: divination: detect creatures
  2556 | D:3      | Found a white marble altar of Elyvilon.
  2573 | D:3      | Gained mutation: Your spells are a little easier to cast,
                  | but a little less powerful. [potion of mutation]
  2573 | D:3      | Gained mutation: You have a pair of small horns on your
                  | head. [potion of mutation]
  2573 | D:3      | Gained mutation: You are covered in fur. (AC +1) [potion of
                  | mutation]
  2573 | D:3      | Gained mutation: You have large cloven feet. [potion of
                  | mutation]
  2756 | D:3      | Noticed Sigmund
  2799 | D:3      | Killed from afar by Sigmund

Skill      XL: |  1  2  3  4 |
---------------+-------------+-----
Axes           | 3 4 |  4.3
Dodging        | 3 |  3.3
Fighting       | |  2.7
Throwing       | |  1.8
Armour         | |  0.7

Action                   |  1- 3 |  4- 6 || total
-------------------------+-------+-------++-------
Melee: War axe           |   131 |    87 ||   218
       Kick              |       |     3 ||     3
       Headbutt          |       |     1 ||     1
  Use: Scroll            |     4 |     3 ||     7
       Potion            |     1 |     4 ||     5
  Eat: Ration            |     2 |     1 ||     3
Armor: Leather armour    |    45 |    26 ||    71
Dodge: Dodged            |   117 |    45 ||   162
Block: Large shield      |       |    17 ||    17
